 Dungeon Crawl Stone Soup version 0.23.2-33-g5129a83184 (webtiles) character file.

Game seed: 4757689025059978704

1740 psyvane the Archer (level 8, -4/61 HPs)
             Began as a Centaur Hunter on July 21, 2019.
             Slain by a centaur (7 damage)
             ... on level 5 of the Dungeon.
             The game lasted 00:24:16 (6642 turns).

psyvane the Archer (Centaur Hunter)                 Turns: 6642, Time: 00:24:17

Health: -4/61      AC:  7    Str: 16    XL:     8   Next: 77%
Magic:  9/9        EV:  7    Int: 10    God:
Gold:   219        SH:  0    Dex: 11    Spells: 7/7 levels left

rFire    . . .     SeeInvis .   u - +1 flail (protect)
rCold    . . .     Gourm    .   (no shield)
rNeg     . . .     Faith    .   v - +0 scale mail
rPois    .         Spirit   .   (no helmet)
rElec    .         Reflect  .   (no cloak)
rCorr    .         Harm     .   o - +0 pair of gloves {archery}
MR       .....                  (no barding)
Stlth    ..........             (no amulet)
HPRegen  0.20/turn              (no ring)
MPRegen  0.11/turn              (no ring)

@: hasted, very quick
A: large, hooves 3, deformed body, speed 2, tough skin 3
a: no special abilities


You were on level 5 of the Dungeon.
You were not hungry.

You visited 1 branch of the dungeon, and saw 6 of its levels.
You also visited: Sewer.

You collected 219 gold pieces.

Inventory:

Hand Weapons
 a - a +1 shortbow
 b - a +0 short sword
 u - a +1 flail of protection (weapon)
 A - a +2 hand axe of freezing
Missiles
 d - 21 arrows
 j - 2 tomahawks (quivered)
Armour
 h - a +2 shield
 o - a +0 pair of gloves of archery (worn)
 v - a +0 scale mail (worn)
Jewellery
 x - an uncursed amulet of guardian spirit {unknown}
Wands
 B - a wand of digging (6)
Scrolls
 e - 2 scrolls of immolation
 g - 2 scrolls of enchant weapon {unknown}
 k - 2 scrolls of identify
 l - 2 scrolls of amnesia
 p - 4 scrolls of remove curse
 q - a scroll of blinking {unknown}
 r - a scroll of magic mapping {unknown}
 t - 4 scrolls of teleportation
 y - a scroll of torment {unknown}
Potions
 c - a potion of might
 i - 3 potions of brilliance
 m - a potion of cancellation
 n - a potion of ambrosia
 s - 4 potions of flight
Comestibles
 f - 10 rations
 z - 4 chunks of flesh


   Skills:
 - Level 2.0 Fighting
 + Level 2.3 Axes
 - Level 0.1(1.3) Maces & Flails
 - Level 14.0 Bows
 - Level 1.3 Dodging
 - Level 0.4 Stealth
 + Level 2.3 Evocations


You had 7 spell levels left.
You didn't know any spells.
Your spell library was empty.

Dungeon Overview and Level Annotations

Branches:
Dungeon (6/15)
 Temple: D:4-7

Altars:
Dithmenos
Kikubaaqudgha
Qazlal
Uskayaw
Xom

Shops:
D:5 ?

Annotations:
D:5 Blork the orc


Innate Abilities, Weirdness & Mutations

You have hooves in place of feet.
Armour fits poorly on your strangely shaped body.
You cover ground very quickly.
You have extremely tough skin. (AC +3)


Message History

* * * LOW HITPOINT WARNING * * *
Your scale mail prevents you from hitting the centaur.
The centaur is heavily wounded.
The centaur hits you but does no damage. x2
You barely miss the centaur. Your kick misses the centaur.
The centaur is heavily wounded.
The centaur hits you but does no damage.
The centaur hits you!
* * * LOW HITPOINT WARNING * * *
You barely miss the centaur.
The centaur is heavily wounded.
The centaur hits you.
* * * LOW HITPOINT WARNING * * *
The centaur barely misses you.
Okay, then.
Okay, then.
You feel yourself speed up. The centaur hits you.
* * * LOW HITPOINT WARNING * * *
The centaur hits you!
You die...

#.# #.# #.# #.#
#.# #.# #.#
##########.#
..(....(@c.#
.########..#####
..............#
######.#####..#
#.Z .# ..c. #
...#. ......c
.o###s_


You could see a centaur.

Vanquished Creatures
  Grinder (D:3)
  Edmund (D:4)
  2 ice beasts
  2 sky beasts (D:6)
  A centaur (D:5)
  3 bullfrogs
  A scorpion (D:5)
  A howler monkey (D:3)
  A jelly (D:5)
  An iguana (D:6)
  Jessica (D:3)
  4 orc wizards
  A merfolk avatar (Sewer)
  A merfolk siren (Sewer)
  5 worker ants
  Robin (D:2)
  7 adders
  7 gnolls
  2 river rats (Sewer)
  2 oozes
  An adder zombie (D:5)
  5 worms
  A dart slug (D:1)
  4 leopard geckos
  14 orcs
  6 ball pythons
  8 bats
  5 giant cockroaches
  18 goblins
  15 hobgoblins
  10 jackals
  A quokka (D:4)
  10 frilled lizards
  9 kobolds
  A leopard gecko skeleton (D:5)
  33 rats
186 creatures vanquished.

Notes
Turn   | Place    | Note
-------+----------+-------------------------------------------
     0 | D:1      | psyvane the Centaur Hunter began the quest for the Orb.
     0 | D:1      | Reached XP level 1. HP: 17/17 MP: 1/1
    23 | D:1      | Reached skill level 6 in Bows
    23 | D:1      | Reached XP level 2. HP: 24/24 MP: 2/2
   582 | D:1      | Reached XP level 3. HP: 29/29 MP: 3/3
  1251 | D:2      | Reached skill level 7 in Bows
  1272 | D:2      | Reached XP level 4. HP: 8/36 MP: 4/4
  1299 | D:2      | Found an ancient bone altar of Kikubaaqudgha.
  1831 | D:2      | Noticed a +0 hand axe
  1831 | D:2      | Noticed a +0 hand axe
  1833 | D:2      | Found a hide-covered altar of Uskayaw.
  1910 | D:2      | Reached skill level 8 in Bows
  2062 | D:2      | Noticed Robin
  2120 | D:2      | Killed Robin
  2453 | D:3      | Reached XP level 5. HP: 41/41 MP: 5/5
  2579 | D:3      | Noticed Grinder
  2583 | D:3      | Paralysed by Grinder for 7 turns
  2611 | D:3      | Paralysed by Grinder for 5 turns
  2654 | D:3      | Killed Grinder
  2654 | D:3      | Reached skill level 10 in Bows
  2654 | D:3      | Reached XP level 6. HP: 16/48 MP: 6/6
  3253 | D:3      | Noticed Jessica
  3266 | D:3      | Killed Jessica
  3693 | D:4      | Reached XP level 7. HP: 55/55 MP: 7/7
  3698 | D:4      | Reached skill level 11 in Bows
  3727 | D:4      | Found a stormy altar of Qazlal.
  3954 | D:4      | Noticed Edmund
  4038 | D:4      | Killed Edmund
  4286 | D:4      | Found a glowing drain.
  4312 | Sewer    | Entered a sewer
  4626 | Sewer    | Reached skill level 12 in Bows
  4919 | D:5      | Entered Level 5 of the Dungeon
  5377 | D:5      | Found Qera's Magic Scroll Shop.
  5583 | D:5      | Found a shadowy altar of Dithmenos.
  5758 | D:5      | Reached XP level 8. HP: 53/61 MP: 8/8
  5777 | D:5      | Noticed Blork the orc
  5966 | D:6      | Reached skill level 13 in Bows
  6522 | D:5      | Reached skill level 14 in Bows
  6594 | D:5      | Reached skill level 1 in Axes
  6594 | D:5      | Reached skill level 1 in Evocations
  6604 | D:5      | Found a shimmering altar of Xom.
  6641 | D:5      | HP: 3/61 [centaur (6)]
  6642 | D:5      | Slain by a centaur

Skill      XL: |  1  2  3  4  5  6  7  8 |
---------------+-------------------------+-----
Bows           | 6 7 8 10 12 14 | 14.0
Axes           | 2 |  2.3
Evocations     | 2 |  2.3
Fighting       | |  2.0
Maces & Flails | |  0.1
Dodging        | |  1.3
Stealth        | |  0.4

Action                   |  1- 3 |  4- 6 |  7- 9 || total
-------------------------+-------+-------+-------++-------
Melee: Short sword       |     1 |    13 |       ||    14
       Kick              |     1 |     4 |    44 ||    49
       Flail             |       |       |   244 ||   244
 Fire: Shortbow          |    92 |   237 |    93 ||   422
Throw: Tomahawk          |       |     2 |     6 ||     8
       Throwing net      |       |     2 |       ||     2
  Use: Scroll            |       |     6 |     2 ||     8
       Potion            |       |       |     2 ||     2
  Eat: Chunk             |       |     6 |     6 ||    12
       Ration            |       |       |     1 ||     1
Armor: Leather armour    |    13 |    32 |     5 ||    50
       Scale mail        |       |       |   206 ||   206
Dodge: Dodged            |    17 |    34 |   109 ||   160
